 Seeded DCSS version 0.28.0-45-g0d030f2227 (webtiles) character file.

Game seed: 14447413411792647702 (custom seed)

41 zeratav the Chopper (level 3, -5/33 HPs)
             Began as a Hill Orc Monk on Apr 20, 2022.
             Slain by an iguana (8 damage)
             ... on level 3 of the Dungeon.
             The game lasted 00:02:21 (2470 turns).

zeratav the Chopper (Hill Orc Monk)                 Turns: 2470, Time: 00:02:22

Health: -5/33      AC:  3    Str: 15    XL:     3   Next: 52%
Magic:  4/4        EV: 12    Int: 10    God:
Gold:   96         SH:  0    Dex: 13    Spells: 2/2 levels left

rFire   . . .      SeeInvis .   a - +0 hand axe {axe}
rCold   . . .      Faith    .   (no shield)
rNeg    + . .      Spirit   .   e - +0 leather armour
rPois   .          Reflect  .   (no helmet)
rElec   .          Harm     .   (no cloak)
rCorr   .          Rampage  .   (no gloves)
Will    .....                   (no boots)
Stlth   ++........              (no amulet)
HPRegen 0.11/turn               f - ring of positive energy
MPRegen 0.09/turn               (no ring)

@: no status effects
A: no striking features
a: no special abilities


You were on level 3 of the Dungeon.
You visited 1 branch of the dungeon, and saw 3 of its levels.

You collected 96 gold pieces.


   Skills:
 + Level 4.0 Fighting
 * Level 4.8 Axes
 + Level 1.2 Armour
 - Level 2.4 Dodging
 - Level 1.5 Stealth
 + Level 1.6 Invocations


You had 2 spell levels left.
You didn't know any spells.
Your spell library contained the following spells:

 Spells                   Type           Power      Damage    Failure   Level
 Foxfire                  Conj/Fire      0%         2x1d4     43%         1

Inventory:

Hand Weapons
 a - a +0 hand axe (weapon) {axe}
Armour
 e - a +0 leather armour (worn)
   (You found it on level 1 of the Dungeon)
Jewellery
 f - a ring of positive energy (left hand)
   (You found it on level 1 of the Dungeon)
Scrolls
 b - a scroll of blinking {unknown}
 c - a scroll of enchant weapon {unknown}
 i - a scroll of brand weapon {unknown}
 j - a scroll of teleportation {unknown}
 k - a scroll of vulnerability {unknown}
 l - a scroll of identify {unknown}
Potions
 d - a potion of resistance {unknown}
 g - a potion of brilliance {unknown}
 h - a potion of might {unknown}

Dungeon Overview and Level Annotations

Branches:
Dungeon (3/15)

Altars:

..######.##.#
#.......>#.####
#.########....#
######..#.#####
##......>......#
..............#.
###.#######.#.#
#. ...#.#
#.#..#@# #
#..#l# #..#.#
...#.# ##.#..
###


You could see an iguana.


Message History

You open the door.
There is an open door here.
You see here a +0 mace {mace}.
Found a stone staircase leading down.
There is a stone staircase leading down here.
There is an open door here.
You open the door.
There is an open door here.
Done exploring.
Done exploring.
(D) Dungeon
Where to? (Enter - D:2, ? - help)
There is a stone staircase leading down here.
You climb downwards.
There is a stone staircase leading up here.
l - a scroll labelled EFUGGI ZAAKH A rat comes into view.
The helpless rat fails to defend itself.
You hit the rat. The rat barely misses you.
You hit the rat but do no damage. The rat misses you.
You hit the rat.
You kill the rat!
No target in view!
No target in view!
No target in view!
No target in view!
No target in view!
No target in view!
No target in view!
No target in view!
No target in view!
No target in view!
No target in view!
No target in view!
No target in view!
A rat comes into view.
A rat is nearby!
A rat is nearby!
You see here a +0 leather armour.
The rat barely misses you.
You hit the rat.
You kill the rat!
No target in view!
No target in view!
No target in view!
No target in view!
No target in view!
No target in view!
No target in view!
No target in view!
No target in view!
No target in view!
No target in view!
No target in view!
No target in view!
Found a stone staircase leading up.
You now have 82 gold pieces (gained 14).
You now have 96 gold pieces (gained 14).
Found a stone staircase leading down.
Found an escape hatch in the floor.
An iguana comes into view.
The iguana hisses angrily.
The iguana bites you!
HP[-12]
You take 12 damage, and now have 21/33 hp.
MASSIVE DAMAGE!! (PAUSE)
You are too injured to fight recklessly!
You are too injured to fight recklessly!
You are too injured to fight recklessly!
You are too injured to fight recklessly!
You are too injured to fight recklessly!
You are too injured to fight recklessly!
You are too injured to fight recklessly!
You are too injured to fight recklessly!
You are too injured to fight recklessly!
You are too injured to fight recklessly!
You are too injured to fight recklessly!
You are too injured to fight recklessly!
You are too injured to fight recklessly!
You are too injured to fight recklessly!
You are too injured to fight recklessly!
You barely miss the iguana. The iguana bites you!
* * * LOW HITPOINT WARNING * * *
HP[-12]
You take 12 damage, and now have 9/33 hp.
MASSIVE DAMAGE!! (PAUSE)
You hit the iguana. The iguana misses you.
You hit the iguana but do no damage. The iguana misses you.
You hit the iguana. The iguana bites you.
* * * LOW HITPOINT WARNING * * *
HP[-1]
You take 1 damage, and now have 8/33 hp.
You barely miss the iguana. The iguana barely misses you.
You closely miss the iguana. The iguana bites you.
* * * LOW HITPOINT WARNING * * *
HP[-5]
You take 5 damage, and now have 3/33 hp.
You barely miss the iguana. The iguana barely misses you.
You hit the iguana. The iguana bites you!
You die...

Skill      XL: |  1  2 |
---------------+-------+-----
Invocations    | 1 |  1.6
Fighting       | 4 |  4.0
Armour         | 1 |  1.2
Axes           | |  4.8
Dodging        | |  2.4
Stealth        | |  1.5

Action                   || total
-------------------------++-------
Melee: Hand axe          ||   102
       Punch             ||     2
 Stab: Sleeping          ||     3
Armor: Leather armour    ||    21
       Robe              ||     2
Dodge: Dodged            ||    49

Levels and vault maps discovered:
D:1:      dpeg_arrival_houses_and_road, layout_loops_ring, minmay_tromino_v4_a
D:2:      layout_loops_corners, shapermc_ecumenical_altar_rom_forum, st_stairs_8
D:3:      layout_basic, amcnicky_altar_gilded

Notes
Turn   | Place    | Note
-------+----------+-------------------------------------------
     0 | D:1      | zeratav the Hill Orc Monk began the quest for the Orb.
     0 | D:1      | Reached XP level 1. HP: 19/19 MP: 1/1
     0 | D:1      | magus.rc [v1.9.6]
   345 | D:1      | Reached XP level 2. HP: 18/27 MP: 2/2
   686 | D:1      | Reached skill level 1 in Invocations
  1567 | D:2      | Reached skill level 4 in Fighting
  1567 | D:2      | Reached skill level 1 in Armour
  1567 | D:2      | Reached XP level 3. HP: 31/33 MP: 2/4
  1890 | D:2      | Found a faded altar of an unknown god.
  1942 | D:2      | Got Plato's Collected Works on Fire
  2466 | D:3      | HP: 8/33 [iguana (1)]
  2468 | D:3      | HP: 3/33 [iguana (5)]
  2470 | D:3      | Slain by an iguana

Vanquished Creatures
  An adder (D:2)
  A worm (D:2)
  2 dart slugs
  4 endoplasms
  A giant cockroach (D:2)
  2 hobgoblins (D:1)
  A quokka (D:1)
  4 ball pythons
  4 bats
  2 goblins
  A kobold (D:1)
  3 rats
26 creatures vanquished.

Table legend:
 A = Non-vault XP
 B = Vault XP
 C = Vault XP percentage of total XP
 D = Non-vault monster count
 E = Vault monster count
 F = Vault count percentage of total count
                 A         B        C        D         E       F
            +---------+---------+-------+---------+---------+-------
      Total |      38 |      21 |  35.6 |      22 |       4 |  15.4
            +---------+---------+-------+---------+---------+-------
        D:1 |      20 |       4 |  16.7 |      12 |       2 |  14.3
        D:2 |      16 |      17 |  51.5 |       8 |       2 |  20.0
        D:3 |       2 |       0 |   0.0 |       2 |       0 |   0.0
            +---------+---------+-------+---------+---------+-------

Illustrated notes

Table legend:
 A = Kills in this place as a percentage of kills in entire the game.
 B = Kills by you in this place as a percentage of kills by you in the entire game.
 C = Kills by friends in this place as a percentage of kills by friends in the entire game.
 D = Other kills in this place as a percentage of other kills in the entire game.
 E = Experience gained in this place as a percentage of experience gained in the entire game.
 F = Experience gained in this place divided by the number of levels of this place that you have seen.
                   A       B       C       D       E      F
               +-------+-------+-------+-------+-------+----------------------
         Total | 100.0 | 100.0 |   N/A |   N/A | 100.0 |  19.7
       Dungeon | 100.0 | 100.0 |   N/A |   N/A | 100.0 |  19.7
               +-------+-------+-------+-------+-------+----------------------

Table legend: (Time is in decaauts)
 A = Elapsed time spent in this place.
 B = Non-inter-level travel time spent in this place.
 C = Inter-level travel time spent in this place.
 D = Time resting spent in this place.
 E = Time spent auto-exploring this place.
 F = Levels seen in this place.
 G = Mean time per level.
                   A        B        C        D        E       F      G
               +--------+--------+--------+--------+--------+-----+--------+
         Total |   2476 |   2425 |     51 |    311 |   1823 |   3 |  825.3 |
       Dungeon |   2476 |   2425 |     51 |    311 |   1823 |   3 |  825.3 |
               +--------+--------+--------+--------+--------+-----+--------+

Top non-repeatable levels by time:
     D:1: 1339 daAuts
     D:2: 1045 daAuts
     D:3: 91 daAuts
